Map: Backcountry

Players

JohnMcClane - Winner!

  • Race: Protoss Protoss
  • League: Gold
  • Spawn Location: 11:00

Hindulaatti - Winner!

  • Race: Zerg Zerg
  • League: Diamond
  • Spawn Location: 11:00

JackONeill - Winner!

  • Race: Zerg Zerg
  • Spawn Location: 9:00

Inspeirk

  • Race: Zerg Zerg
  • Spawn Location: 5:00

NigeteNigete

  • Race: Zerg Zerg
  • Spawn Location: 5:00

EGHujjo

  • Race: Terran Terran
  • Spawn Location: 5:00

VOD

Have the link to the VOD?

Description

Time

  • Played on: Feb. 8, 2016, 12:02 p.m.
  • Length: 17:31
Show
View Real Time Build Order
Export as new Build Order

JohnMcClane Protoss - Winner!

Build Orders: Cannon Rush 

Get SALT Encoding   

  12  0:01  Probe (Chrono Boost)  
  13  0:11  Probe (Chrono Boost)  
  14  0:20  Pylon  
  14  0:23  Probe (Chrono Boost)  
  15  0:38  Probe (Chrono Boost)  
  15  0:41  Forge  
  16  0:52  Probe (Chrono Boost)  
  17  1:02  Pylon  
  17  1:22  Photon Cannon  
  17  1:28  Photon Cannon  
  17  1:30  Photon Cannon  
  17  1:32  Pylon  
  17  1:36  Pylon  
  16  1:47  Photon Cannon  
  16  1:49  Photon Cannon  
  16  2:07  Probe (Chrono Boost)  
  17  2:11  Gateway  
  17  2:12  Assimilator  
  17  2:17  Probe (Chrono Boost)  
  17  2:21  Assimilator  
  18  2:27  Nexus  
  18  2:28  Probe (Chrono Boost)  
  19  2:40  Pylon  
  19  2:55  Probe (Chrono Boost)  
  20  3:09  Pylon  
  20  3:10  Probe (Chrono Boost)  
  20  3:11  Cybernetics Core  
  21  3:24  Probe (Chrono Boost)  
  22  3:35  Probe (Chrono Boost)  
  22  3:39  Probe (Chrono Boost), Gateway  
  22  3:40  Gateway  
  24  3:45  Probe (Chrono Boost)  
  25  3:48  Probe (Chrono Boost), Warp Gate (Chrono Boost)  
  26  4:01  Probe  
  27  4:06  Photon Cannon  
  27  4:10  Mothership Core  
  29  4:24  Assimilator  
  29  4:25  Probe  
  29  4:26  Assimilator  
  29  4:29  Probe  
  31  4:36  Robotics Facility  
  31  4:40  Probe  
  31  4:41  Pylon  
  32  4:49  Robotics Facility  
  32  4:53  Probe  
  32  4:54  Probe  
  34  5:05  Probe  
  34  5:06  Probe  
  36  5:28  Observer  
  37  5:34  Probe  
  37  5:35  Probe  
  38  5:41  Pylon  
  39  5:47  Probe  
  39  5:49  Robotics Bay  
  40  5:55  Warp Prism  
  40  5:56  Observer  
  43  6:24  Stalker x3  
  48  6:45  Disruptor x2  
  48  6:46  Probe  
  54  6:47  Probe  
  56  6:57  Zealot x3  
  56  6:59  Probe  
  63  7:06  Gateway  
  63  7:09  Gateway  
  63  7:11  Gateway  
  63  7:21  Disruptor x2 (Chrono Boost)  
  69  7:28  Zealot  
  63  7:38  Zealot x2  
  63  7:52  Probe  
  63  7:56  Disruptor (Chrono Boost)  
  63  7:57  Disruptor (Chrono Boost)  
  68  8:00  Pylon  
  68  8:01  Pylon x2  
  68  8:03  Probe  
  69  8:14  Pylon  
  69  8:16  Pylon  
  69  8:19  Twilight Council  
  69  8:21  Protoss Ground Weapons Level 1 (Chrono Boost)  
  69  8:23  Disruptor  
  69  8:29  Disruptor  
  69  8:33  Zealot x2  
  69  8:34  Zealot x4  
  87  8:54  Disruptor  
  88  9:04  Disruptor  
  72  9:25  Disruptor  
  72  9:27  Zealot x2  
  72  9:28  Zealot x4  
  78  9:32  Charge (Chrono Boost)  
  78  9:38  Gateway  
  78  9:41  Gateway  
  58  9:58  Zealot x3  
  58  9:59  Zealot x3  
  49  10:23  Gateway  
  49  10:25  Zealot x4  
  49  10:28  Disruptor  
  57  10:30  Photon Cannon  
  57  10:33  Disruptor  
  63  10:43  Pylon x2  
  42  11:12  Zealot x3  
  42  11:16  Templar Archives  
  48  11:26  Dark Shrine  
  48  11:28  Warp Prism (Chrono Boost)  
  50  11:53  Zealot x4  
  50  11:54  Zealot x2  
  30  12:20  Zealot x2  
  26  12:47  High Templar x2  
  26  12:51  Archon  
  18  13:00  Dark Templar  
  19  13:59  Dark Templar  
  19  14:00  Dark Templar  
  17  14:32  Dark Templar  
  17  14:36  Probe x2  
  17  14:49  Probe x2  
  17  14:51  High Templar x3  
  17  14:52  High Templar  
  27  14:55  Archon  
  27  14:56  Archon  
  27  15:01  Probe  
  28  15:07  Warp Prism (Chrono Boost)  
  30  15:20  Probe  
  30  15:21  Probe  
  32  15:33  High Templar x2  
  36  15:36  Archon  
  36  15:37  Zealot x2  
  40  15:53  Probe x2  
  42  16:13  Dark Templar x2  
  38  16:33  Dark Templar  
  38  17:08  Dark Templar  
Show
View Real Time Build Order
Export as new Build Order

Hindulaatti Zerg - Winner!

Build Orders: Hatch First 

Get SALT Encoding   

  12  0:01  Drone  
  13  0:08  Drone  
  14  0:24  Drone, Extractor  
  15  0:42  Hatchery  
  14  0:48  Drone, Extractor  
  14  0:49  Extractor  
  13  0:51  Drone  
  16  1:00  Overlord  
  16  1:12  Spawning Pool  
  16  1:18  Drone x2  
  16  1:23  Drone  
  18  1:32  Drone  
  19  1:41  Extractor  
  18  1:54  Drone  
  19  1:55  Drone  
  20  2:03  Queen  
  22  2:14  Queen  
  24  2:16  Hatchery  
  24  2:18  Drone  
  24  2:23  Drone  
  25  2:43  Drone x3  
  25  2:44  Overlord x2  
  28  3:05  Metabolic Boost  
  28  3:07  Drone x4  
  32  3:26  Queen  
  34  3:28  Zergling x8  
  34  3:30  Drone  
  41  3:36  Extractor  
  41  3:39  Lair, Queen  
  40  3:53  Drone x6  
  40  3:54  Drone x2  
  48  4:10  Drone  
  48  4:11  Drone  
  48  4:12  Overlord  
  48  4:13  Overlord x2  
  47  4:32  Drone x3  
  47  4:33  Drone x3  
  47  4:34  Drone x2  
  47  4:37  Drone  
  56  4:40  Drone x3  
  58  4:53  Drone x4  
  58  4:55  Overseer x2  
  62  5:02  Spire  
  62  5:04  Drone  
  62  5:05  Infestation Pit  
  61  5:07  Drone  
  60  5:16  Zergling x12  
  61  5:27  Zergling x6  
  61  5:28  Zergling x2  
  64  5:54  Drone  
  64  5:55  Drone x9  
  74  5:57  Hive  
  65  6:17  Zergling x6  
  65  6:18  Zergling x12  
  71  6:27  Extractor  
  71  6:28  Extractor  
  71  6:32  Mutalisk  
  64  6:33  Mutalisk x2  
  69  6:49  Overseer  
  62  7:02  Mutalisk  
  62  7:14  Zergling x2  
  62  7:15  Zergling x20  
  73  7:32  Overlord x6  
  73  7:33  Overlord  
  73  7:40  Overlord x3  
  73  7:42  Extractor  
  73  7:43  Extractor  
  71  7:45  Greater Spire  
  71  7:56  Corruptor x5  
  81  8:06  Zergling x4  
  81  8:07  Drone  
  81  8:08  Drone x6  
  90  8:18  Queen  
  92  8:29  Hatchery  
  91  9:08  Corruptor x2  
  91  9:09  Corruptor x2  
  97  9:13  Brood Lord x4  
  101  9:26  Drone x2  
  91  9:38  Corruptor x3  
  91  9:39  Corruptor  
  91  9:44  Brood Lord  
  91  10:10  Zergling x2  
  91  10:11  Zergling x36  
  100  10:29  Brood Lord  
  100  10:31  Brood Lord  
  104  10:41  Corruptor x4  
  112  11:02  Overlord x5  
  98  11:18  Zerg Flyer Armor Level 1  
  98  11:23  Brood Lord  
  98  11:24  Brood Lord  
  102  11:29  Drone  
  102  11:30  Drone x4  
  107  11:46  Zergling x14  
  114  11:49  Hatchery  
  112  11:56  Roach Warren  
  108  12:06  Brood Lord x3  
  86  12:47  Corruptor  
  86  12:48  Corruptor x4  
  96  12:52  Zergling x2  
  96  12:53  Zergling x18  
  106  13:15  Hatchery  
  106  13:18  Zergling x10  
  110  13:20  Hatchery  
  98  14:37  Drone x11  
  109  14:51  Corruptor x5  
  119  15:00  Viper x2  
  125  16:07  Extractor  
  125  16:08  Extractor  
Show
View Real Time Build Order
Export as new Build Order

JackONeill Zerg - Winner!

Build Orders: Hatch First, Muta Ling Bane 

Get SALT Encoding   

  12  0:01  Drone  
  13  0:08  Drone  
  14  0:17  Overlord  
  14  0:24  Extractor  
  14  0:25  Drone  
  15  0:37  Drone x2  
  17  0:57  Drone  
  17  1:02  Drone  
  19  1:05  Hatchery  
  19  1:06  Extractor  
  17  1:18  Spawning Pool  
  17  1:20  Drone  
  17  1:26  Drone  
  17  1:30  Drone  
  19  1:40  Overlord  
  19  1:51  Drone  
  20  2:07  Metabolic Boost  
  20  2:14  Hatchery  
  19  2:21  Queen  
  21  2:27  Queen  
  23  2:40  Drone x3  
  23  2:41  Drone  
  27  2:49  Drone x2  
  29  2:57  Overlord  
  29  3:08  Zergling x6  
  32  3:13  Drone  
  32  3:14  Drone  
  34  3:25  Zergling x4  
  36  3:31  Overlord  
  36  3:33  Zergling x6  
  39  3:38  Drone x4  
  39  3:39  Baneling Nest  
  42  3:42  Drone x2  
  44  3:49  Queen  
  44  3:54  Extractor  
  45  3:57  Overlord  
  45  4:04  Drone x4  
  49  4:10  Spore Crawler  
  49  4:13  Lair  
  49  4:15  Drone  
  49  4:32  Baneling x2  
  49  4:33  Baneling  
  49  4:34  Drone x3  
  49  4:36  Drone x4  
  49  4:37  Drone  
  57  4:42  Zergling x8  
  57  4:43  Zergling x2  
  62  4:52  Spine Crawler  
  62  4:53  Spine Crawler  
  62  4:55  Drone x3, Extractor  
  62  4:56  Extractor  
  62  4:58  Drone  
  62  4:59  Drone  
  63  5:08  Drone, Evolution Chamber  
  63  5:23  Overlord  
  63  5:24  Overlord x2  
  63  5:39  Overlord x3  
  63  5:56  Spore Crawler  
  62  5:58  Spine Crawler, Overlord  
  62  5:59  Overlord x2  
  49  6:15  Zergling x6  
  49  6:16  Zergling x12  
  49  6:17  Zergling x10  
  60  6:26  Zergling x6  
  63  6:35  Baneling x4  
  63  6:36  Queen  
  59  6:51  Zergling x8  
  59  6:52  Zergling x4  
  65  6:55  Spire  
  65  6:56  Spore Crawler  
  65  6:57  Zerg Ground Armor Level 1  
  65  6:58  Centrifical Hooks  
  63  7:05  Extractor x2  
  63  7:06  Queen  
  61  7:28  Drone x3  
  61  7:29  Drone x3  
  67  7:30  Overlord x3  
  67  7:38  Baneling x6  
  67  7:39  Overlord x2  
  63  7:47  Drone  
  63  7:48  Drone  
  65  7:54  Drone x2  
  65  7:55  Drone x3  
  70  8:00  Drone  
  70  8:01  Drone x3  
  74  8:17  Mutalisk x3  
  74  8:18  Mutalisk x2  
  84  8:21  Drone, Zerg Flyer Weapons Level 1  
  80  8:44  Baneling  
  80  8:45  Baneling x6  
  80  8:46  Baneling x5  
  80  8:47  Zergling x2  
  80  8:48  Zergling x12  
  84  8:49  Zergling x10  
  84  8:54  Mutalisk  
  92  9:10  Zergling x2  
  92  9:11  Zergling x12  
  92  9:12  Zergling x8  
  81  9:28  Zergling x12  
  81  9:30  Baneling x2  
  81  9:31  Baneling x6  
  86  9:32  Baneling x2  
  86  9:35  Mutalisk x2  
  76  9:38  Zergling x4  
  76  9:39  Zergling x4  
  62  9:55  Mutalisk  
  62  9:56  Mutalisk x3  
  59  10:02  Baneling x2  
  59  10:03  Baneling x4  
  59  10:04  Zergling x2  
  57  10:12  Zerg Melee Weapons Level 1  
  57  10:13  Infestation Pit  
  54  10:25  Zergling x2  
  54  10:26  Zergling x8  
  54  10:33  Mutalisk  
  56  10:38  Mutalisk  
  56  10:39  Mutalisk x5  
  68  10:50  Mutalisk x2  
  68  10:59  Zergling x4  
  68  11:04  Zerg Flyer Armor Level 1  
  70  11:19  Mutalisk x4  
  76  11:33  Hatchery  
  75  11:51  Mutalisk x4  
  83  12:14  Mutalisk x3  
  89  12:19  Spine Crawler  
  89  12:21  Spine Crawler  
  88  12:22  Drone  
  88  12:23  Drone x3  
  82  12:46  Mutalisk x3  
  88  12:56  Mutalisk  
  90  13:03  Queen  
  90  13:04  Drone x4  
  90  13:05  Drone  
  97  13:17  Zergling x6  
  90  13:26  Zerg Flyer Weapons Level 2  
  69  13:29  Drone x2  
  67  13:38  Drone x2  
  67  13:40  Extractor  
  68  13:43  Extractor  
  68  13:45  Spine Crawler  
  66  14:00  Zergling x10  
  69  14:13  Zergling x6  
  72  14:22  Queen  
  74  14:29  Drone x2  
  74  14:30  Drone  
  77  14:35  Zergling x2  
  77  14:36  Zergling x2  
  77  14:38  Baneling x2  
  78  14:55  Baneling x3  
  78  14:56  Baneling x2  
  78  14:57  Zergling x8  
  82  15:08  Queen  
  82  15:10  Drone x3  
  82  15:12  Drone  
  88  15:16  Baneling x2  
  88  15:17  Baneling  
  87  15:34  Drone x2  
  89  15:36  Zergling x8  
  89  15:37  Baneling  
  89  15:38  Baneling x5  
  89  15:39  Baneling x2  
  93  15:57  Evolution Chamber  
  92  16:08  Baneling x4  
  92  16:09  Baneling x6  
  92  16:10  Baneling x6  
  92  16:11  Baneling x2  
  92  16:12  Overlord  
  92  16:20  Mutalisk  
  94  16:30  Zergling x10  
  76  16:58  Zergling x12  
  76  16:59  Zergling x8  
Show
View Real Time Build Order
Export as new Build Order

Inspeirk Zerg 

Build Orders: Hatch First 

Get SALT Encoding   

  12  0:01  Drone  
  13  0:13  Overlord  
  13  0:18  Drone  
  14  0:31  Drone x2  
  14  0:35  Drone  
  17  0:56  Hatchery  
  16  0:58  Drone  
  16  1:01  Drone  
  18  1:14  Extractor  
  18  1:17  Spawning Pool  
  16  1:22  Drone  
  16  1:25  Drone  
  18  2:04  Queen  
  20  2:12  Zergling x2  
  20  2:13  Zergling x4  
  23  2:20  Drone  
  24  2:30  Queen  
  26  2:37  Overlord  
  26  2:44  Drone  
  27  2:51  Drone  
  27  2:56  Metabolic Boost  
  27  2:58  Zergling x4  
  30  3:05  Overlord  
  30  3:10  Drone  
  31  3:13  Drone  
  31  3:19  Drone x2  
  34  3:24  Overlord  
  34  3:27  Drone  
  34  3:32  Overlord  
  35  3:48  Drone x6  
  41  3:55  Evolution Chamber  
  41  3:58  Zergling x4  
  41  4:04  Zergling x6  
  41  4:07  Zergling x2  
  45  4:15  Zergling x2  
  45  4:16  Zergling x2  
  48  4:24  Zergling x8  
  51  4:34  Baneling Nest  
  51  4:36  Zergling x2  
  51  4:39  Overlord  
  51  4:40  Overlord  
  51  4:43  Zerg Melee Weapons Level 1  
  51  4:52  Overlord  
  51  4:53  Overlord  
  51  4:56  Extractor  
  51  4:58  Extractor x2  
  51  4:59  Drone x2  
  51  5:00  Drone  
  51  5:08  Drone x3  
  51  5:11  Zergling x4  
  51  5:12  Zergling x4  
  57  5:24  Overlord  
  57  5:27  Zergling x4  
  59  5:31  Zergling x2  
  59  5:41  Zergling x4  
  61  5:50  Baneling x3  
  61  5:51  Baneling x2  
  61  5:57  Drone x3  
  64  6:09  Zergling x14  
  70  6:21  Zergling x4  
  72  6:28  Overlord  
  70  6:45  Zergling x2  
  70  6:46  Overlord  
  70  6:50  Zergling x4  
  70  6:52  Baneling x4  
  72  6:55  Zergling x2  
  71  7:01  Zergling x2  
  71  7:04  Drone, Lair  
  73  7:15  Drone x2  
  65  7:27  Baneling x12  
  63  7:31  Drone x2  
  65  7:43  Zergling x8  
  69  7:49  Zergling x8  
  69  7:50  Zergling x6  
  73  7:55  Zergling x2  
  73  7:57  Hatchery  
  69  8:00  Zergling x2  
  68  8:06  Spore Crawler  
  68  8:07  Zergling x2, Spore Crawler  
  68  8:09  Spore Crawler  
  68  8:10  Zergling x2  
  67  8:13  Centrifical Hooks  
  67  8:15  Baneling  
  67  8:16  Baneling x3  
  67  8:18  Zergling x2  
  68  8:31  Zergling x2  
  68  8:32  Zergling x4  
  66  8:35  Baneling x4  
  66  8:36  Baneling  
  66  8:37  Zergling x2  
  66  8:38  Zergling x4  
  69  8:46  Zergling x8  
  73  8:57  Zergling x2  
  73  8:58  Zergling x2  
  69  9:06  Baneling x4  
  69  9:07  Baneling  
  68  9:10  Zergling x2  
  68  9:11  Zergling x12  
  68  9:15  Zergling x4  
  64  9:24  Zergling x2  
  64  9:25  Zergling x4  
  64  9:31  Zergling x2  
  67  9:35  Zergling x4  
  67  9:42  Baneling x10  
  65  9:51  Zergling x4  
  61  9:58  Zergling x2  
  60  10:02  Zergling x4  
  60  10:06  Zergling x2  
  62  10:14  Drone x2  
  62  10:17  Drone  
  62  10:19  Drone  
  65  10:22  Drone  
  65  10:27  Drone x2  
  68  10:30  Extractor  
  68  10:31  Extractor  
  66  10:38  Drone x4  
  69  10:50  Zergling x2  
  69  10:51  Zergling x10  
  69  10:55  Drone  
  75  11:04  Baneling x2  
  75  11:05  Zergling x2  
  75  11:06  Zergling x6  
  79  11:14  Zergling x2  
  79  11:15  Zergling x8  
  81  11:21  Zergling x2  
  81  11:22  Zergling x4  
  81  11:24  Drone  
  80  11:33  Zergling x2  
  80  11:34  Zergling x4  
  74  11:42  Baneling  
  74  11:43  Baneling x3  
  74  11:44  Baneling  
  66  11:48  Zergling x2  
  66  11:52  Baneling x2  
  53  12:16  Zergling x12  
  58  12:26  Zergling x2  
  55  12:33  Zergling x6  
  55  12:40  Zergling x2  
  56  12:48  Zergling x2  
  56  12:49  Zergling x4  
  51  13:23  Baneling x2  
  51  13:24  Baneling x10  
  45  13:31  Zergling x2  
  45  13:32  Zergling x8  
  42  14:02  Zergling x2  
  35  14:03  Zergling x14  
  35  14:07  Zergling x2  
  32  14:35  Zergling x8  
  20  16:24  Overseer  
Show
View Real Time Build Order
Export as new Build Order

NigeteNigete Zerg 

Build Orders: Hatch First 

Get SALT Encoding   

  12  0:02  Drone  
  13  0:12  Overlord  
  13  0:21  Overlord  
  13  0:25  Drone  
  14  0:30  Drone  
  14  0:34  Drone  
  16  0:45  Drone  
  17  0:58  Drone  
  18  1:05  Hatchery  
  18  1:07  Drone  
  18  1:18  Drone  
  19  1:22  Extractor  
  18  1:28  Spawning Pool  
  18  1:30  Drone  
  18  1:38  Drone  
  19  1:49  Drone  
  20  2:00  Drone  
  21  2:12  Drone  
  21  2:14  Queen  
  24  2:17  Queen  
  24  2:18  Drone  
  28  2:22  Drone  
  28  2:28  Overlord  
  28  2:32  Drone  
  29  2:39  Zergling x2  
  29  2:42  Overlord  
  30  2:49  Metabolic Boost  
  30  2:52  Zergling x2  
  30  2:56  Drone  
  32  3:00  Drone  
  32  3:05  Drone  
  34  3:13  Drone  
  34  3:15  Drone  
  36  3:24  Roach Warren  
  36  3:26  Zergling x6  
  36  3:27  Zergling x2  
  39  3:31  Drone x2  
  39  3:32  Evolution Chamber  
  40  3:34  Evolution Chamber  
  40  3:37  Overlord  
  40  3:38  Drone  
  40  3:42  Zergling x4  
  43  3:48  Drone  
  43  3:50  Overlord  
  43  3:56  Drone x3  
  43  3:59  Drone  
  43  4:01  Zerg Missile Weapons Level 1  
  47  4:05  Drone x2  
  49  4:10  Drone x2  
  49  4:13  Drone  
  49  4:16  Drone  
  53  4:22  Drone  
  54  4:29  Drone  
  55  4:33  Zerg Ground Armor Level 1  
  55  4:34  Roach  
  55  4:37  Drone x3  
  60  4:39  Drone  
  60  4:42  Drone x3, Extractor  
  63  4:50  Roach x2  
  67  4:55  Drone  
  67  4:57  Lair  
  67  4:59  Overlord  
  68  5:06  Extractor  
  67  5:10  Extractor  
  66  5:14  Roach  
  68  5:23  Roach x2  
  68  5:24  Roach x2  
  76  5:36  Overlord  
  76  5:37  Overlord x2  
  76  5:46  Drone  
  76  5:47  Drone x3, Hatchery  
  73  5:50  Drone x4  
  73  5:56  Roach  
  77  5:57  Zerg Missile Weapons Level 2  
  77  5:59  Roach  
  79  6:10  Zergling x8  
  83  6:15  Infestation Pit  
  83  6:17  Zergling x6  
  85  6:19  Hydralisk Den  
  85  6:21  Zergling x2  
  85  6:23  Zergling x2  
  86  6:29  Zerg Ground Armor Level 2  
  86  6:34  Zergling x4  
  88  6:45  Glial Reconstitution  
  88  6:46  Zergling x8  
  93  6:47  Zergling x2  
  93  6:50  Muscular Augments  
  93  6:53  Hive  
  93  6:54  Hydralisk x2  
  93  6:56  Overlord  
  93  7:01  Queen  
  97  7:02  Drone x2  
  97  7:07  Roach  
  103  7:13  Roach  
  105  7:16  Spore Crawler  
  105  7:20  Spore Crawler  
  105  7:21  Drone x4, Spore Crawler x3  
  105  7:22  Spore Crawler  
  103  7:24  Spore Crawler  
  103  7:25  Spore Crawler  
  101  7:37  Roach x3  
  101  7:38  Roach x3  
  101  7:40  Spore Crawler  
  113  7:44  Drone  
  113  7:48  Spore Crawler  
  113  7:49  Spore Crawler  
  113  7:50  Drone x2  
  113  7:51  Spine Crawler  
  113  7:52  Spore Crawler  
  113  7:54  Spore Crawler  
  113  7:55  Drone x3  
  113  8:03  Overlord x4  
  113  8:15  Extractor  
  113  8:19  Drone  
  113  8:20  Overlord, Extractor  
  113  8:23  Hydralisk x5  
  122  8:27  Hydralisk  
  124  8:38  Roach  
  124  8:39  Roach x4  
  134  8:50  Hydralisk x4  
  134  8:54  Drone x2  
  126  9:26  Roach x8  
  126  9:27  Roach x2  
  126  9:31  Zerg Missile Weapons Level 3  
  145  9:49  Roach x7  
  145  9:50  Roach  
  145  9:52  Drone  
  146  9:58  Roach  
  135  10:05  Roach  
  135  10:06  Roach x4  
  142  10:18  Drone  
  142  10:19  Drone x4  
  135  10:34  Roach x2  
  135  10:35  Roach x3  
  137  10:53  Drone x2  
  137  10:54  Drone x7  
  114  11:00  Hydralisk x3  
  114  11:01  Hydralisk x2  
  116  11:16  Hydralisk x3  
  116  11:17  Hydralisk  
  124  11:20  Hydralisk  
  126  11:26  Hydralisk  
  126  11:30  Hydralisk  
  130  11:52  Hydralisk  
  130  11:53  Hydralisk x6  
  115  12:40  Hydralisk, Roach  
  115  12:41  Hydralisk x13  
  123  12:53  Roach x2  
  123  12:56  Zerg Ground Armor Level 3  
  107  13:14  Hydralisk x5  
  111  13:29  Spore Crawler, Hydralisk  
  111  13:30  Spore Crawler, Hydralisk  
  102  13:53  Hydralisk x3  
  98  14:11  Hydralisk  
  80  14:30  Hydralisk x2  
  78  14:41  Hydralisk  
  56  15:00  Hydralisk  
  53  15:09  Hydralisk  
Show
View Real Time Build Order
Export as new Build Order

EGHujjo Terran 

Build Orders: MMM Bio 

Get SALT Encoding   

  12  0:01  SCV  
  13  0:13  SCV  
  14  0:19  Supply Depot  
  14  0:25  SCV  
  15  0:41  SCV  
  15  0:42  Barracks  
  16  0:54  Refinery  
  16  0:55  SCV  
  17  1:01  Barracks  
  17  1:08  SCV  
  18  1:20  SCV  
  18  1:24  Barracks  
  19  1:33  Marine  
  20  1:49  Orbital Command  
  20  1:50  Marine  
  21  2:08  Marine  
  21  2:15  Marine  
  23  2:19  Supply Depot  
  23  2:36  Factory  
  23  2:41  Supply Depot, Marine x3, SCV  
  27  2:51  Refinery  
  27  2:53  SCV  
  28  2:58  Marine x3  
  31  3:06  SCV  
  32  3:18  SCV  
  32  3:19  Marine x3  
  36  3:21  Widow Mine  
  36  3:26  Supply Depot  
  38  3:32  SCV  
  39  3:41  Supply Depot  
  39  3:47  Marine x3  
  42  3:56  Widow Mine  
  44  4:11  Command Center  
  43  4:31  Widow Mine  
  43  4:32  SCV  
  46  4:40  Barracks Reactor  
  46  4:41  Barracks Tech Lab  
  46  4:42  Marine  
  46  4:44  SCV  
  48  4:51  Starport  
  48  4:56  SCV  
  49  5:00  Stimpack  
  49  5:06  Marauder  
  51  5:10  SCV  
  51  5:13  Factory Reactor  
  52  5:17  Marine  
  52  5:19  Marine, Barracks Reactor  
  54  5:24  SCV  
  54  5:25  Orbital Command  
  57  5:31  Marauder  
  59  5:39  SCV  
  59  5:40  Marine x2  
  62  5:51  SCV  
  62  5:53  Medivac, Marauder  
  62  5:54  Widow Mine x2  
  69  6:03  SCV  
  58  6:14  Marine x4  
  58  6:15  Marauder  
  62  6:20  Barracks  
  62  6:21  Barracks  
  62  6:31  SCV x2  
  61  6:42  Marine x3  
  61  6:43  Marauder, Marine, SCV  
  61  6:45  Hellion x2  
  61  6:46  Medivac  
  67  6:50  SCV  
  68  6:55  SCV  
  68  6:56  Refinery  
  68  7:00  Marine  
  70  7:05  Combat Shields  
  70  7:10  Supply Depot  
  70  7:15  Supply Depot  
  70  7:31  Marine x3  
  70  7:32  Marauder  
  75  7:46  SCV x2  
  75  7:49  Starport Reactor, Hellion x2  
  81  7:52  Starport  
  81  7:53  Barracks Tech Lab, Barracks Reactor  
  81  8:08  Engineering Bay, SCV x2  
  81  8:12  Hellion  
  85  8:16  Supply Depot  
  85  8:19  Supply Depot  
  85  8:38  Marauder x2, Hellion  
  89  8:56  SCV x2  
  69  9:05  Starport Tech Lab  
  69  9:06  Medivac x2  
  69  9:08  SCV  
  69  9:09  Marauder x2, Marine x5  
  81  9:10  Marine  
  84  9:28  SCV x2  
  84  9:30  Refinery  
  86  9:32  Marine x3  
  86  9:33  Marine x3  
  86  9:34  Marauder x2  
  86  9:36  Raven  
  86  9:37  Medivac x2  
  102  9:51  Hellion  
  101  9:53  Hellion  
  102  10:02  Command Center, Supply Depot  
  102  10:03  Supply Depot  
  102  10:14  Marine x4  
  102  10:15  Marauder x2, Marine x2  
  102  10:23  Viking x3  
  96  10:33  Terran Infantry Weapons Level 1  
  73  10:47  Corvid Reactor  
  73  10:50  SCV x2  
  75  10:57  Viking x2  
  75  10:58  Viking  
  75  11:02  Widow Mine x2  
  85  11:04  Marine  
  85  11:05  Starport  
  86  11:12  SCV x2  
  88  11:20  Planetary Fortress  
  88  11:47  SCV  
  88  11:48  SCV  
  90  12:03  Marine x4  
  90  12:04  Marine x2  
  90  12:05  Marauder x2  
  97  12:18  SCV  
  97  12:19  SCV x2  
  97  12:22  Viking x2  
  102  12:23  Viking  
  100  12:39  Starport Reactor  
  92  12:44  Marine x4  
  92  12:45  Marine x2  
  92  12:46  Marauder x2  
  82  12:53  Liberator x3  
  80  13:08  Marine x6  
  90  13:21  Missile Turret  
  79  15:11  Viking  
  78  15:21  Viking  
  80  15:34  Viking x3  
  86  15:41  Viking  
  88  15:51  Viking  
  88  15:52  SCV  
  88  15:54  Orbital Command  
  91  16:03  Viking  
  93  16:11  Viking  
  95  16:31  Viking  
  97  16:44  Viking x2  
  101  16:58  Viking  
Tags
 
Add a new tag
Caveats
  • Supply blocks, unpowered buildings, or Contaminate may cause inaccurate times.
  • Supply counts are checked every 10 seconds.